 Dungeon Crawl Stone Soup version 0.13-a0-2244-g236abbe (webtiles) character file.

197 ManOfSteam the Shooter (level 3, 0/29 HPs)
             Began as a Centaur Hunter on July 5, 2013.
             Was an Initiate of Elyvilon.
             Slain by a kobold
             ... wielding a +0,+0 short sword
              (4 damage)
             ... on Level 3 of the Dungeon on July 7, 2013.
             The game lasted 00:21:56 (2746 turns).

ManOfSteam the Shooter (Centaur Hunter)             Turns: 2746, Time: 00:21:57

HP   0/29        AC  5     Str 14      XL: 3   Next: 91%
MP   2/2         EV  9     Int 10      God: Elyvilon [......]
Gold 133         SH  0     Dex 10      Spells:  0 memorised,  2 levels left

Res.Fire  : . . .   See Invis. : .   a - +0 short sword
Res.Cold  : . . .   Warding    : .   d - +1 leather armour
Life Prot.: . . .   Conserve   : .   (no shield)
Res.Poison: .       Res.Corr.  : .   (no helmet)
Res.Elec. : .       Clarity    : .   (no cloak)
Sust.Abil.: . .     Spirit.Shd : .   (no gloves)
Res.Mut.  : .       Stasis     : .   (no barding)
Res.Rott. : .       Flight     : .   (no amulet)
Saprovore : . . .                    (no ring)
                                     (no ring)

@: very quick, not resistant to hostile enchantments, extremely unstealthy
A: hooves 3, breathe flames 1, deformed body, herbivore 1, speed 2, fast
metabolism 1, tough skin 3
a: Lesser Healing, Renounce Religion, Breathe Fire


You were on level 3 of the Dungeon.
You worshipped Elyvilon.
Elyvilon was noncommittal.
You were not hungry.

You visited 1 branch of the dungeon, and saw 3 of its levels.

You collected 113 gold pieces.

Inventory:

Hand weapons
 a - a +0,+0 short sword (weapon)
 b - a +1,+1 bow
Missiles
 c - 51 arrows (quivered)
 o - 19 poisoned needles
 q - 12 silver bolts
Armour
 d - a +1 leather armour (worn)
 l - a +0 animal skin
 m - a +0 animal skin
Comestibles
 f - 2 bread rations
 h - a cheese
 k - a honeycomb
Scrolls
 i - a scroll of remove curse {unknown}
 p - a scroll of noise
Potions
 e - a potion of beneficial mutation
 g - a potion of cure mutation {unknown}
 j - a potion of brilliance
 n - a potion of speed {unknown}


   Skills:
 * Level 1.5 Fighting
 + Level 1.0 Short Blades
 * Level 6.1 Bows
 + Level 0.3 Armour
 * Level 1.8 Dodging
 + Level 0.7 Stealth
 + Level 0.1 Traps


You had 2 spell levels left.
You didn't know any spells.

Dungeon Overview and Level Annotations

Branches:
Dungeon (3/27)

Altars:
Elyvilon
Kikubaaqudgha


Innate Abilities, Weirdness & Mutations

You have hooves in place of feet.
Armour fits poorly on your strangely shaped body.
You digest meat inefficiently.
You cover ground very quickly.
You have a fast metabolism.
You have extremely tough skin (AC +3).
You can breathe flames.


Message History

The kobold hits you with a short sword.
* * * LOW HITPOINT WARNING * * *
The kobold hits you but does no damage. The kobold closely misses you.
The kobold hits you with a short sword.
* * * LOW HITPOINT WARNING * * *
The kobold closely misses you. The kobold hits you but does no damage.
The kobold hits you with a short sword.
* * * LOW HITPOINT WARNING * * *
The kobold hits you but does no damage. The kobold barely misses you.
The kobold hits you but does no damage. The kobold barely misses you.
The kobold barely misses you. The kobold hits you but does no damage.
The kobold hits you but does no damage. The kobold closely misses you.
The kobold hits you with a short sword.
You die...

#.# #.........................
#.# ##.##.###.####.###.#...###
#.# #.*#.# #.#* #.**#.#...#
#.#######.*#.# #.#,,,,,,#.#...#
#.......#.*#.# #.# ,,, ......#
#.......#.*#.# #.# ,,,,,....<.#
#.......#.*#.# #.# ,,,,.......#**
#....._.#.##.###K#,,,,,,,!.....,,
#...............@#,,,,,,,,,,,,***
#.......#.##.#####,,,,,,,,,, ,*
#.......#(##.# *, ,,,,,,,,,,*
#.......#,##.#* *,,, ,,,,,,,,*
#.......#,,...* *,,,,,,,,,,, *
#.......#,,...* *****,* ** *****
######### ....*** ***,,,,,,,,,,,
*,.....,,, ,,,,********** *,,>..
*****,,,*


You could see a kobold.

Vanquished Creatures
  An adder (D:2)
  A giant gecko (D:2)
  2 oozes (D:1)
  An orc (D:3)
  3 bats (D:1)
  10 goblins
  8 hobgoblins
  3 jackals (D:3)
  3 ball pythons
  5 giant cockroaches
  2 giant newts
  5 kobolds
  6 rats
  A plant (D:3)
51 creatures vanquished.

Notes
Turn   | Place    | Note
--------------------------------------------------------------
     0 | D:1      | ManOfSteam, the Centaur Hunter, began the quest for the Orb.
     0 | D:1      | Reached XP level 1. HP: 17/17 MP: 0/0
   219 | D:1      | Reached XP level 2. HP: 24/24 MP: 1/1
   905 | D:2      | Reached XP level 3. HP: 29/29 MP: 2/2
  1335 | D:2      | Reached skill level 6 in Bows
  1344 | D:2      | Gained mutation: You can breathe flames. [potion of beneficial mutation]
  1633 | D:2      | Found an ancient bone altar of Kikubaaqudgha.
  1763 | D:1      | Reached skill level 1 in Short Blades
  2566 | D:3      | Found a white marble altar of Elyvilon.
  2576 | D:3      | Became a worshipper of Elyvilon the Healer
  2746 | D:3      | Slain by a kobold

Action                   || total
-------------------------++-------
Melee: Bow               ||     3
       Short sword       ||    34
 Fire: Bow               ||   106
 Abil: Breathe Fire      ||     1
  Use: Scroll            ||     4
       Potion            ||     2
